AoeStats
← [JaMx] K@l-El

African Clearing

510896461Analyzed
4v4 RM · 10h ago on Oct 3, 2026· 30m 41s· 8 players
Game mode
Random Map
Map size
Large (8 player)
Population
200
Speed
Normal
Resources
Standard
Victory
Conquest
Starting age
Dark Age
Ending age
Imperial Age
RankedLock teamsTeams togetherTeam positionsShared explorationLock speedFull tech treeHidden civsTurbo modeCheats
Victory
Defeat
🇺🇸 Mongols · United States
1546
+10
🇨🇱 Huns · Chile
1529
+10
🇺🇸 Saxons · United States
1489
+12
🇺🇸 Saracens · United States
1416
+15
🇲🇽 Huns · Mexico
1431
-13
🇺🇸 Malians · United States
1428
-13
🇺🇸 Mongols · United States
1397
-12
🇲🇽 Mapuche · Mexico
1316
-9
Dots
11:56 Feudal Age
12:01 Man-at-Arms
13:41 Wheelbarrow
12:54 Double-Bit Axe
15:07 Loom
15:17 Arson
16:12 Forging
16:20 Horse Collar
23:28 Castle Age
21:50 Scale Mail Armor
22:37 Fletching
24:58 Bow Saw
24:49 Heavy Plow
26:51 Chain Mail Armor
BomBomB0
8:16 Loom
13:03 Feudal Age
17:05 Castle Age
14:59 Double-Bit Axe
15:58 Horse Collar
18:00 Bow Saw
17:41 Gold Mining
20:55 Ballistics
21:06 Fletching
23:25 Bodkin Arrow
26:33 Wheelbarrow
28:26 Town Watch
29:36 Husbandry
29:46 Bloodlines
29:38 Padded Archer Armor
29:36 Stone Mining
KaLong
2:58 Loom
13:48 Feudal Age
18:29 Castle Age
16:54 Double-Bit Axe
17:40 Horse Collar
19:29 Scale Barding Armor
19:34 Forging
23:34 Iron Casting
25:38 Chain Barding Armor
26:40 Wheelbarrow
28:26 Bloodlines
letmebelieve
11:45 Feudal Age
12:14 Loom
13:42 Double-Bit Axe
17:37 Forging
19:48 Wheelbarrow
23:32 Castle Age
22:56 Bloodlines
23:02 Horse Collar
23:14 Gold Mining
24:26 Scale Barding Armor
23:43 Light Cavalry
30:08 Bow Saw
[JaMx] K@l-El
4:48 Loom
13:55 Feudal Age
17:52 Town Watch
26:32 Castle Age
24:33 Fletching
K1llaCapPilla
6:54 Loom
12:47 Feudal Age
15:55 Wheelbarrow
15:08 Double-Bit Axe
15:15 Horse Collar
16:46 Town Watch
20:54 Castle Age
22:22 Bow Saw
24:49 Scale Barding Armor
27:52 Hand Cart
Eat_Rice
10:49 Loom
14:59 Feudal Age
15:46 Double-Bit Axe
18:40 Castle Age
16:32 Gold Mining
18:36 Fletching
20:07 Gold Shaft Mining
19:44 Bow Saw
21:51 Ballistics
23:34 Bodkin Arrow
27:47 Wheelbarrow
30:40 Hand Cart
31:06 Stone Mining
Ananda
10:43 Loom
12:29 Feudal Age
20:13 Castle Age
18:16 Double-Bit Axe
18:15 Horse Collar
19:21 Fletching
20:28 Padded Archer Armor
Connection lost

Rejoining the realm…

Still unreachable

The connection could not be restored.

Session expired

The server has moved on; the page needs a fresh start.